 Dungeon Sprint DCSS version 0.21.1-1-g345015f (webtiles) character file.

7056 Psiloshibe the Eviscerator (level 10, -13/53 HPs)
             Began as a Felid Berserker on May 29, 2018.
             Was the Champion of Trog.
             Mangled by a white ugly thing (19 damage)
             ... in the Dungeon (Sprint IX: "|||||||||||||||||||||||||||||").
             The game lasted 00:06:44 (1975 turns).

Psiloshibe the Eviscerator (Felid Berserker)        Turns: 1975, Time: 00:06:45

Health: -13/53     AC:  2    Str: 15    XL:     10   Next: 83%
Magic:  11/11      EV: 36    Int:  9    God:    Trog [******]
Gold:   1900       SH:  0    Dex: 17    Spells: 9/9 levels left
                                        Lives:  0   Deaths: 2

rFire    . . .     SeeInvis +     - Unarmed
rCold    . . .     Gourm    .   (shield unavailable)
rNeg     . . .     Faith    .   (armour unavailable)
rPois    .         Spirit   .   (helmet unavailable)
rElec    .         Reflect  .   (cloak unavailable)
rCorr    .         Harm     .   (gloves unavailable)
MR       +....     NoTele   +   (boots unavailable)
Stlth    ++++......             (no amulet)
HPRegen  0.17/turn              l - +2 ring of evasion
MPRegen  0.12/turn              (no ring)

@: quick
A: very small, no armour, no weapons or thrown items, stealth, claws 1, fangs 3,
see invisible, carnivore, speed 1, shaggy fur 2, slow metabolism 1, sharp paws
a: Berserk, Trog's Hand, Brothers in Arms, Burn Spellbooks, Renounce Religion


You were in the Dungeon.
You worshipped Trog.
Trog was exalted by your worship.
You were not hungry.

You visited 1 branch You collected 1900 gold pieces.

Inventory:

Jewellery
 k - a +3 ring of intelligence
 l - a +2 ring of evasion (left paw)
 m - an uncursed ring of protection from magic
 q - an uncursed ring of protection from cold
 r - a +3 ring of evasion
 s - an uncursed ring of protection from fire
Wands
 j - a wand of iceblast (10)
Scrolls
 g - 3 scrolls of blinking
 i - 4 scrolls of remove curse
 p - a scroll of fog
 t - 3 scrolls of fear
Potions
 b - 9 potions of curing
 c - 7 potions of heal wounds
 d - 3 potions of haste
 e - 4 potions of magic
 f - a potion of berserk rage
 h - a potion of invisibility
 n - 2 potions of brilliance
 o - a potion of resistance
Comestibles
 a - 11 rations


   Skills:
 + Level 12.1 Fighting
 + Level 18.8 Dodging
 + Level 6.8 Stealth
 + Level 21.9 Unarmed Combat


You had 9 spell levels left.
You didn't know any spells.

Dungeon Overview and Level Annotations

Branches:
Dungeon (1/1)

Altars:
Cheibriados
Dithmenos
Elyvilon
Fedhas
Gozag
Hepliaklqana
Kikubaaqudgha
Makhleb
Nemelex Xobeh
Okawaru
Qazlal
Ru
Sif Muna
Trog
Uskayaw
Vehumet
Wu Jian
Xom
Yredelemnul
Zin
The Shining One
Beogh
Jiyva
Lugonu

Shops:
D (=%*


Innate Abilities, Weirdness & Mutations

You cannot wear armour.
You are incapable of wielding weapons or throwing items.
Your paws allow you to move quietly. (Stealth)
You have sharp claws.
You have razor-sharp teeth.
You have supernaturally acute eyesight. (SInv)
You are carnivorous and can eat meat at any time.
You cover ground quickly.
You are covered in thick fur. (AC +2)
You have a slow metabolism.
Your sharp claws are effective at attacking unaware monsters.


Message History

The white ugly thing is lightly wounded.
The white ugly thing misses you.
You mangle the white ugly thing!! You bite the white ugly thing.
The white ugly thing is heavily wounded.
You completely miss the white ugly thing.
You bite the white ugly thing.
The white ugly thing is heavily wounded.
The white ugly thing misses you.
You claw the white ugly thing! Your claw misses the white ugly thing.
The white ugly thing is severely wounded.
You barely miss the white ugly thing. Your claw misses the white ugly thing.
You bite the white ugly thing, but do no damage.
The white ugly thing is severely wounded.
The white ugly thing completely misses you.
You claw the white ugly thing!
The white ugly thing is almost dead.
The white ugly thing trunk-slaps you!
* * * LOW HITPOINT WARNING * * *
The white ugly thing freezes you!!
You die...

▓_▓.▓÷▓.▓)▓.▓[▓
▓_▓.▓.▓.▓.▓.▓[▓
▓_▓.▓.▓.▓.▓.▓.▓
▓_▓.▓.▓.▓.▓.▓.▓
▓_▓.▓.▓.▓.▓.▓.▓
▓_▓.▓.▓.▓.▓.▓.▓
▓_▓.▓.▓.▓.▓.▓.▓
▓_▓.▓.▓.▓.▓.▓.▓
▓_▓.▓.▓.▓.▓.▓@▓
▓_▓.▓.▓.▓)▓.▓u▓
▓'▓.▓'▓.▓)▓.▓J▓
▓.▓.▓.▓.▓)▓.▓c▓
▓?▓.▓.▓.▓)▓.▓.▓
▓|▓.▓.▓.▓.▓.▓†▓
▓)▓.▓.▓.▓)▓.▓.▓
▓[▓.▓.▓.▓∩▓.▓.▓
▓[▓.▓.▓.▓.▓.▓.▓


You could see a yaktaur captain, a white ugly thing and a slime creature.

Vanquished Creatures
  Gastronok (D)
  A hydra (D)
  2 ogre magi (D)
  2 orc high priests (D)
  Urug (D)
  An unseen horror (D)
  3 ugly things (D)
  5 orc sorcerers (D)
  4 elephants (D)
  A spiny frog (D)
  A polar bear (D)
  A meliai (D)
  A hippogriff (D)
  A slime creature (D)
  2 shadows (D)
  2 yaks (D)
  A basilisk (D)
  Grum (D)
  2 water moccasins (D)
  2 porcupines (D)
  10 orc warriors (D)
  3 wolves (D)
  A centaur (D)
  3 crocodiles (D)
  2 bullfrogs (D)
  A crimson imp (D)
  A jelly (D)
  12 orc wizards (D)
  4 orc priests (D)
  An iguana (D)
  3 worker ants (D)
  A shadow imp (D)
  7 orcs (D)
  A bat zombie (D)
  2 goblins (D)
  2 frilled lizards (D)
  A jackal skeleton (D)
  A kobold (D)
91 creatures vanquished.

Vanquished Creatures (collateral kills)
  A hydra (D)
  4 elephants (D)
  A rime drake (D)
  A komodo dragon (D)
  A crocodile (D)
  A bullfrog (D)
9 creatures vanquished.

Vanquished Creatures (others)
  A spatial maelstrom (D)
1 creature vanquished.

Grand Total: 101 creatures vanquished

Notes
Turn   | Place    | Note
-------+----------+-------------------------------------------
     0 | D        | Psiloshibe the Felid Berserker began the quest for the Orb.
     0 | D        | Reached XP level 1. HP: 10/10 MP: 2/2
     9 | D        | Banished a spatial maelstrom
    10 | D        | Reached ** piety under Trog
    24 | D        | Noticed a crimson imp
    24 | D        | Noticed a worker ant
    24 | D        | Noticed an iguana
    38 | D        | Killed a crimson imp
    38 | D        | Reached *** piety under Trog
    38 | D        | Reached skill level 4 in Unarmed Combat
    38 | D        | Reached XP level 2. HP: 15/15 MP: 3/3
    38 | D        | Reached XP level 3. HP: 18/18 MP: 4/4
    41 | D        | Reached skill level 1 in Stealth
    41 | D        | Reached skill level 5 in Unarmed Combat
    44 | D        | Reached skill level 5 in Fighting
    44 | D        | Reached XP level 4. HP: 8/23 MP: 5/5
    48 | D        | Reached skill level 6 in Unarmed Combat
   248 | D        | Found a roughly hewn altar of Beogh.
   248 | D        | Found a snail-covered altar of Cheibriados.
   248 | D        | Found a shadowy altar of Dithmenos.
   248 | D        | Found a white marble altar of Elyvilon.
   248 | D        | Found a blossoming altar of Fedhas.
   248 | D        | Found an opulent altar of Gozag.
   249 | D        | Found a hazy altar of Hepliaklqana.
   250 | D        | Found a viscous altar of Jiyva.
   251 | D        | Found an ancient bone altar of Kikubaaqudgha.
   252 | D        | Found a corrupted altar of Lugonu.
   253 | D        | Found a burning altar of Makhleb.
   254 | D        | Found a sparkling altar of Nemelex Xobeh.
   255 | D        | Found an iron altar of Okawaru.
   256 | D        | Found a stormy altar of Qazlal.
   257 | D        | Found a sacrificial altar of Ru.
   258 | D        | Found a deep blue altar of Sif Muna.
   259 | D        | Found a bloodstained altar of Trog.
   260 | D        | Found a hide-covered altar of Uskayaw.
   261 | D        | Found a radiant altar of Vehumet.
   262 | D        | Found an ornate altar of the Wu Jian Council.
   263 | D        | Found a shimmering altar of Xom.
   264 | D        | Found a basalt altar of Yredelemnul.
   265 | D        | Found a glowing silver altar of Zin.
   266 | D        | Found a glowing golden altar of the Shining One.
   291 | D        | Noticed an unseen horror
   291 | D        | Noticed a yak
   299 | D        | Killed an unseen horror
   299 | D        | Reached **** piety under Trog
   299 | D        | Reached skill level 10 in Unarmed Combat
   299 | D        | Reached XP level 5. HP: 22/30 MP: 6/6
   299 | D        | Gained mutation: You are covered in thick fur. (AC +2) [Felid growth]
   299 | D        | Reached XP level 6. HP: 25/34 MP: 7/7
   299 | D        | Reached XP level 7. HP: 27/37 MP: 8/8
   302 | D        | Killed a yak
   306 | D        | Reached skill level 11 in Unarmed Combat
   309 | D        | Reached ***** piety under Trog
   345 | D        | Noticed a shadow
   345 | D        | Noticed a meliai
   373 | D        | Killed a shadow
   373 | D        | Reached XP level 8. HP: 43/43 MP: 9/9
   375 | D        | Reached skill level 12 in Unarmed Combat
   382 | D        | Killed a meliai
   382 | D        | Reached skill level 10 in Fighting
   515 | D        | Noticed a spiny frog
   520 | D        | Killed a spiny frog
   520 | D        | Reached skill level 13 in Unarmed Combat
   524 | D        | Noticed a rime drake
   531 | D        | Reached XP level 9. HP: 11/47 MP: 10/10
   534 | D        | Reached ****** piety under Trog
   538 | D        | Noticed a komodo dragon
   569 | D        | Killed a rime drake
   569 | D        | Reached skill level 14 in Unarmed Combat
   570 | D        | Killed a komodo dragon
   606 | D        | Noticed a polar bear
   606 | D        | Noticed a four-headed hydra
   624 | D        | Killed a four-headed hydra
   624 | D        | Reached skill level 15 in Dodging
   624 | D        | Reached skill level 5 in Stealth
   624 | D        | Reached skill level 15 in Unarmed Combat
   628 | D        | Killed a polar bear
   634 | D        | Noticed a seven-headed hydra
   644 | D        | Reached XP level 10. HP: 36/52 MP: 11/11
   647 | D        | Killed a seven-headed hydra
   647 | D        | Reached skill level 16 in Unarmed Combat
   665 | D        | Noticed an elephant
   665 | D        | Noticed an elephant
   665 | D        | Noticed an elephant
   665 | D        | Noticed an elephant
   665 | D        | Noticed an elephant
   665 | D        | Noticed an elephant
   667 | D        | Killed an elephant
   669 | D        | Killed an elephant
   671 | D        | Killed an elephant
   672 | D        | Killed an elephant
   674 | D        | Noticed an elephant
   680 | D        | Noticed an elephant
   719 | D        | Killed an elephant
   719 | D        | Reached skill level 17 in Unarmed Combat
   733 | D        | Killed an elephant
   739 | D        | Killed an elephant
   770 | D        | Killed an elephant
   845 | D        | Noticed Gastronok
   864 | D        | Killed Gastronok
   864 | D        | Reached skill level 18 in Unarmed Combat
   864 | D        | Reached XP level 11. HP: 19/57 MP: 12/12
   878 | D        | Noticed Urug
  1085 | D        | Killed Urug
  1127 | D        | Reached skill level 19 in Unarmed Combat
  1134 | D        | Killed from afar by an orc priest
  1135 | D        | Reached XP level 10. HP: -1/53 MP: 11/11
  1375 | D        | Noticed an orc high priest
  1377 | D        | Noticed an orc high priest
  1381 | D        | Killed an orc high priest
  1404 | D        | Killed an orc high priest
  1427 | D        | Reached skill level 20 in Unarmed Combat
  1459 | D        | Found Xuseoloz's Weapon Emporium.
  1459 | D        | Noticed an orc sorcerer
  1459 | D        | Noticed an orc sorcerer
  1459 | D        | Noticed an orc sorcerer
  1464 | D        | Killed an orc sorcerer
  1473 | D        | Killed an orc sorcerer
  1474 | D        | Found Opny's Jewellery Shoppe.
  1475 | D        | Noticed an orc sorcerer
  1476 | D        | Noticed a soul eater
  1481 | D        | Noticed an orc sorcerer
  1483 | D        | Killed an orc sorcerer
  1484 | D        | Found Yviunt's Food Emporium.
  1493 | D        | Killed an orc sorcerer
  1493 | D        | Reached XP level 11. HP: 31/57 MP: 12/12
  1494 | D        | Found Cufij's General Store.
  1498 | D        | Killed an orc sorcerer
  1605 | D        | Noticed Grum
  1617 | D        | Killed Grum
  1667 | D        | Found the +8 glaive of the Guard {elec, +Rage AC+5 SInv}
  1703 | D        | Noticed a white ugly thing
  1703 | D        | Noticed a purple ugly thing
  1703 | D        | Noticed an ogre mage
  1707 | D        | Noticed a green ugly thing
  1717 | D        | Killed a white ugly thing
  1717 | D        | Reached skill level 21 in Unarmed Combat
  1722 | D        | Noticed an ogre mage
  1726 | D        | Noticed a white ugly thing
  1728 | D        | Killed a purple ugly thing
  1740 | D        | Killed from afar by an ogre mage
  1741 | D        | Reached XP level 10. HP: -20/53 MP: 11/11
  1944 | D        | Killed an ogre mage
  1963 | D        | Killed a green ugly thing
  1967 | D        | Noticed a yaktaur captain
  1969 | D        | Killed an ogre mage
  1975 | D        | Mangled by a white ugly thing

Skill      XL: |  1  2  3  4  5  6  7  8  9 10 11 |
---------------+----------------------------------+-----
Fighting       | 4 5 8 9 10 11 12 | 12.1
Dodging        | 6 7 11 12 14 15 18 | 18.8
Unarmed Combat | 4 5 10 11 13 15 20 21 | 21.9
Stealth        | 1 2 3 4 5 6 |  6.8

Action                   |  1- 3 |  4- 6 |  7- 9 | 10-12 || total
-------------------------+-------+-------+-------+-------++-------
Melee: Unarmed           |    22 |     9 |    81 |   249 ||   361
       Bite              |     1 |       |    11 |    37 ||    49
       Punch             |     1 |     1 |     5 |    28 ||    35
Invok: Trog's Hand       |     1 |     1 |     4 |     6 ||    12
       Berserk           |     1 |     1 |     1 |       ||     3
       Brothers in Arms  |       |       |     2 |       ||     2
 Stab: Sleeping          |     1 |       |       |       ||     1
       Petrifying        |       |       |       |     1 ||     1
  Eat: Chunk             |       |     4 |     8 |     2 ||    14
Armor: Skin              |       |       |       |     2 ||     2
Dodge: Dodged            |    12 |    10 |    72 |   158 ||   252
